 Dungeon Crawl Stone Soup version 0.29.0-4-gdea44cf6ec (webtiles) character file.

Game seed: 17254402995000310487

1586 qw the Cleaver (level 8, 0/42 (49) HPs)
             Began as a Tengu Warper on Aug 28, 2022.
             Was a Follower of Okawaru.
             Slain by a wight
             ... wielding a +2 great sword of freezing
              (16 damage)
             ... on level 6 of the Dungeon.
             The game lasted 00:00:42 (7947 turns).

qw the Cleaver (Tengu Warper)                       Turns: 7947, Time: 00:00:42

HP:   0/42 (49)     AC: 10    Str: 13    XL:     8   Next: 92%
MP:   10/12         EV: 11    Int: 13    God:    Okawaru [*.....]
Gold: 152           SH:  0    Dex: 15    Spells: 11/11 levels left

rFire   . . .      SeeInvis .   Y - +0 war axe
rCold   . . .      Faith    .   (no shield)
rNeg    . . .      Spirit   .   i - +0 chain mail
rPois   .          Reflect  .   (helmet restricted)
rElec   .          Harm     .   (no cloak)
rCorr   +          Rampage  .   (no gloves)
Will    .....                   (boots unavailable)
Stlth   ..........              (no amulet)
HPRegen 0.14/turn               d - ring of resist corrosion
MPRegen 0.13/turn               (no ring)

@: about to teleport, heroic, flying quickly and evasively, heavily drained,
quick
A: beak, talons 3, nimble flight
a: Renounce Religion, Heroism


You were on level 6 of the Dungeon.
You worshipped Okawaru.
Okawaru was aware of your devotion.
You visited 2 branches of the dungeon, and saw 7 of its levels.

You collected 308 gold pieces.
You spent 156 gold pieces at shops.


Innate Abilities, Weirdness & Mutations

You have a beak for a mouth.
You have claws for feet.
Your magical nature lets you fly swiftly and evasively.


   Skills:
 - Level 5.0(10.0) Fighting
 + Level 10.0(15.0) Axes
 - Level 1.0(6.0) Throwing
 - Level 3.2(8.2) Armour
 - Level 4.0(9.0) Dodging
 - Level 2.0 Spellcasting
 - Level 2.4 Translocations
 + Level 0.0 Invocations


You had 11 spell levels left.
You didn't know any spells.
Your spell library contained the following spells:

 Spells                   Type           Power      Damage    Failure   Level
 Blink                    Tloc           14%        N/A       96%         2
 Gell's Gravitas          Tloc           7%         N/A       99%         3
 Lesser Beckoning         Tloc           7%         N/A       99%         3
 Teleport Other           Tloc           7%         N/A       99%         3
 Manifold Assault         Tloc           7%         N/A       100%        5

Inventory:

Hand Weapons
 h - a +2 hand axe of flaming
 Y - a +0 war axe (weapon)
Missiles
 b - 3 boomerangs (quivered)
Armour
 i - a +0 chain mail (worn)
Jewellery
 d - a ring of resist corrosion (left hand)
Scrolls
 g - a scroll of identify
Potions
 a - 2 potions of resistance
 c - a potion of cancellation
 e - 2 potions of curing
 f - 2 potions of might
 k - a potion of mutation

Dungeon Overview and Level Annotations

Branches:
Dungeon (6/15)             Temple (1/1) D:5

Altars:
Ashenzari
Elyvilon
Gozag
Hepliaklqana
Kikubaaqudgha
Makhleb
Nemelex Xobeh
Okawaru
Qazlal
Ru
Sif Muna
Trog
Uskayaw
Vehumet
Wu Jian
Xom
Yredelemnul
Zin

Shops:
D:2 !   D:4 [

Annotations:
D:5 4 runed translucent doors, Crazy Yiuf; qw's ghost, amateur TeWr; qw's ghost, novice TeWr


Message History

The wight is almost destroyed.
The wight misses you.
You hit the wight.
You destroy the wight!
Okawaru accepts your kill.
You can now gain great but temporary skills.
You barely miss the wight. The wight barely misses you.
The wight closely misses you.
Your life force feels restored.
Your Fighting skill increases to level 5!
You barely miss the wight. Your kick misses the wight.
The wight hits you with a +2 great sword of freezing!
You feel drained. The wight freezes you.
The wight hits you from afar with a +0 trident.
You feel drained.
7942 ||| INVOKING Heroism.
You gain the combat prowess of a mighty hero.
The wight closely misses you.
The wight hits you from afar with a +0 trident.
You feel drained.
You hit the wight.
The wight is moderately damaged.
You hit the wight. Your kick misses the wight.
The wight is severely damaged.
The wight hits you with a +2 great sword of freezing.
You feel drained. The wight freezes you. The wight closely misses you.
7945 ||| READING scroll of teleportation.
As you read the scroll of teleportation, it crumbles to dust.
You feel strangely unstable. The wight closely misses you.
The wight barely misses you.
7946 ||| DRINKING potion of heal wounds.
You feel much better.
The wight hits you with a +2 great sword of freezing!
The wight freezes you.
The wight hits you from afar with a +0 trident.
You feel drained.
You hit the wight. Your kick misses the wight. Your peck misses the wight.
The wight is almost destroyed.
The wight hits you with a +2 great sword of freezing!
You die...

#.#.######
#.#.......
#.######## #.# #.#
#.# #.########
#########.#.......
#@).......#.######
#z#########.######
..z.z.z.# #.......
######### #.######
###


You could see 2 wights.

Vanquished Creatures
  Sigmund (D:5)
  Menkaure (D:4)
  A water moccasin (D:5)
  2 black bears
  A kobold brigand (D:6)
  A phantom (D:5)
  Blork the orc (D:4)
  2 scorpions
  2 wights (D:6)
  3 orc priests
  3 hounds
  A gnoll bouda (D:5)
  An iguana (D:5)
  Ijyb (D:5)
  4 orc wizards
  4 gnolls
  9 adders
  2 white imps
  A worm (D:2)
  4 dart slugs
  23 orcs
  7 ball pythons
  9 bats
  9 endoplasms
  4 goblins
  5 hobgoblins
  2 jackals (D:2)
  4 kobolds
  2 quokkas
  2 frilled lizards
  9 rats
121 creatures vanquished.

Vanquished Creatures (collateral kills)
  An adder (D:5)
1 creature vanquished.

Vanquished Creatures (others)
  5 plants
5 creatures vanquished.

Grand Total: 127 creatures vanquished

Notes
Turn   | Place    | Note
-------+----------+-------------------------------------------
     0 | D:1      | qw the Tengu Warper began the quest for the Orb.
     0 | D:1      | Reached XP level 1. HP: 12/12 MP: 4/4
     0 | D:1      | 0 ||| qw: Version: 0.1-a-89-g26bdef1
     0 | D:1      | 0 ||| qw: Game counter: 841
     0 | D:1      | 0 ||| qw: Always use a shield: true
     0 | D:1      | 0 ||| qw: God list: Okawaru
     0 | D:1      | 0 ||| qw: Allow faded altars: false
     0 | D:1      | 0 ||| qw: Do Orc after D:15 true
     0 | D:1      | 0 ||| qw: Do second Lair branch before Depths: true
     0 | D:1      | 0 ||| qw: Lair rune preference: random
     0 | D:1      | 0 ||| qw: Plans: Normal
     0 | D:1      | 0 ||| PLANNING D:1-11
    29 | D:1      | 29 ||| Stepping ~*~*~tactically~*~*~ (stealth).
    67 | D:1      | Reached XP level 2. HP: 15/17 MP: 6/6
   153 | D:1      | Reached skill level 3 in Axes
   194 | D:1      | 194 ||| SWAPPING to +0 hand axe of flaming.
   195 | D:1      | 195 ||| DROPPING +0 hand axe.
   196 | D:1      | 196 ||| DROPPING +0 whip.
   270 | D:1      | 270 ||| Stepping ~*~*~tactically~*~*~ (stealth).
   276 | D:1      | 276 ||| Stepping ~*~*~tactically~*~*~ (hiding).
   389 | D:1      | 389 ||| Stepping ~*~*~tactically~*~*~ (stealth).
   390 | D:1      | 390 ||| Stepping ~*~*~tactically~*~*~ (stealth).
   391 | D:1      | 391 ||| Stepping ~*~*~tactically~*~*~ (stealth).
   392 | D:1      | 392 ||| Stepping ~*~*~tactically~*~*~ (stealth).
   395 | D:1      | 395 ||| Stepping ~*~*~tactically~*~*~ (stealth).
   397 | D:1      | 397 ||| Stepping ~*~*~tactically~*~*~ (stealth).
   573 | D:1      | Reached XP level 3. HP: 20/21 MP: 7/7
   726 | D:1      | Reached skill level 4 in Axes
  1169 | D:1      | 1169 ||| READING scroll labelled YQAPTOA NIFUEF.
  1173 | D:1      | 1173 ||| READING 2 scrolls labelled BEICIM GOHURU.
  1174 | D:1      | 1174 ||| DROPPING scroll of blinking.
  1228 | D:2      | 1228 ||| Stepping ~*~*~tactically~*~*~ (stealth).
  1346 | D:2      | Found a faded altar of an unknown god.
  1367 | D:2      | Reached XP level 4. HP: 25/26 MP: 8/8
  1445 | D:2      | 1445 ||| Stepping ~*~*~tactically~*~*~ (stealth).
  1453 | D:2      | 1453 ||| Stepping ~*~*~tactically~*~*~ (stealth).
  1455 | D:2      | 1455 ||| Stepping ~*~*~tactically~*~*~ (stealth).
  1457 | D:2      | 1457 ||| Stepping ~*~*~tactically~*~*~ (stealth).
  1459 | D:2      | 1459 ||| Stepping ~*~*~tactically~*~*~ (stealth).
  1461 | D:2      | 1461 ||| Stepping ~*~*~tactically~*~*~ (stealth).
  1463 | D:2      | 1463 ||| Stepping ~*~*~tactically~*~*~ (hiding).
  1467 | D:2      | Found Kofaq's Distillery.
  1621 | D:2      | 1621 ||| BUYING potion of curing (42 gold).
  1621 | D:2      | Bought a potion of curing for 42 gold pieces
  1621 | D:2      | 1621 ||| SHOPLISTING potion of curing (42 gold, have 0).
  1621 | D:2      | 1621 ||| SHOPLISTING potion of mutation (112 gold, have 0).
  1962 | D:2      | 1962 ||| Stepping ~*~*~tactically~*~*~ (stealth).
  1972 | D:2      | 1972 ||| Stepping ~*~*~tactically~*~*~ (stealth).
  1973 | D:2      | 1973 ||| Stepping ~*~*~tactically~*~*~ (stealth).
  2030 | D:2      | Reached skill level 5 in Axes
  2047 | D:2      | 2047 ||| Stepping ~*~*~tactically~*~*~ (stealth).
  2049 | D:2      | 2049 ||| Stepping ~*~*~tactically~*~*~ (stealth).
  2648 | D:2      | 2648 ||| DROPPING orb of energy.
  2649 | D:2      | 2649 ||| UPGRADING to ring of resist corrosion.
  2650 | D:2      | 2650 ||| READING 2 scrolls labelled EXZOYSCHEHI.
  2651 | D:2      | 2651 ||| READING scroll of enchant weapon.
  2651 | D:2      | 2651 ||| ENCHANTING +1 hand axe of flaming.
  2652 | D:2      | 2652 ||| READING scroll labelled NUAMYCL OTODD.
  2653 | D:2      | 2653 ||| READING 3 scrolls of identify.
  2653 | D:2      | 2653 ||| IDENTIFYING metallic red potion
  2654 | D:2      | 2654 ||| Stepping randomly (stuck).
  2655 | D:2      | 2655 ||| Stepping ~*~*~tactically~*~*~ (cloud).
  2995 | D:3      | 2995 ||| Stepping ~*~*~tactically~*~*~ (stealth).
  2998 | D:3      | 2998 ||| Stepping ~*~*~tactically~*~*~ (stealth).
  3008 | D:3      | Gained mutation: Your magical nature lets you fly swiftly
                  | and evasively. [Tengu growth]
  3008 | D:3      | Reached XP level 5. HP: 11/30 MP: 9/9
  3646 | D:3      | 3646 ||| UPGRADING to +0 ring mail.
  3656 | D:3      | 3656 ||| DROPPING +0 leather armour.
  3657 | D:3      | 3657 ||| READING scroll labelled SEWICR QARI.
  3658 | D:3      | 3658 ||| READING 2 scrolls labelled SIP TIARGHU.
  3659 | D:3      | 3659 ||| READING 2 scrolls of identify.
  3659 | D:3      | 3659 ||| IDENTIFYING sapphire potion
  3660 | D:3      | 3660 ||| DROPPING scroll of magic mapping.
  3667 | D:4      | 3667 ||| STAIRDANCE
  3680 | D:3      | Reached skill level 6 in Axes
  3817 | D:4      | 3817 ||| STAIRDANCE
  3986 | D:4      | Reached XP level 6. HP: 15/35 MP: 10/10
  3996 | D:4      | 3996 ||| FLEEEEING.
  3997 | D:4      | 3997 ||| FLEEEEING.
  3998 | D:4      | 3998 ||| FLEEEEING.
  3999 | D:4      | 3999 ||| STAIRDANCE
  4222 | D:4      | 4222 ||| STAIRDANCE
  4273 | D:4      | Noticed a black bear
  4275 | D:4      | Noticed Menkaure
  4276 | D:4      | 4276 ||| Stepping ~*~*~tactically~*~*~ (hiding).
  4285 | D:4      | Killed a black bear
  4286 | D:4      | Reached skill level 7 in Axes
  4287 | D:4      | Killed Menkaure
  4288 | D:4      | Reached skill level 3 in Fighting
  4288 | D:4      | Reached XP level 7. HP: 17/41 MP: 11/11
  4493 | D:4      | Found Ecluc's Antique Armour Shoppe.
  4502 | D:4      | 4502 ||| SHOPLISTING acid dragon scales (1240 gold, have
                  | 128).
  4502 | D:4      | 4502 ||| SHOPLISTING chain mail (139 gold, have 128).
  4502 | D:4      | 4502 ||| BUYING embroidered robe (114 gold).
  4502 | D:4      | Bought an embroidered robe for 114 gold pieces
  4502 | D:4      | 4502 ||| SHOPLISTING plate armour (713 gold, have 14).
  4502 | D:4      | 4502 ||| SHOPLISTING runed cloak (232 gold, have 14).
  4628 | D:4      | 4628 ||| Stepping ~*~*~tactically~*~*~ (hiding).
  4739 | D:4      | 4739 ||| SWAPPING to +0 war axe.
  4890 | D:4      | Noticed Blork the orc
  4897 | D:4      | Killed Blork the orc
  4898 | D:4      | Reached skill level 8 in Axes
  5246 | D:4      | 5246 ||| DROPPING +1 robe of willpower.
  5247 | D:4      | 5247 ||| READING scroll labelled YREESE AB GURR.
  5248 | D:4      | 5248 ||| READING scroll labelled KAAHEN RACOLISS.
  5249 | D:4      | 5249 ||| READING scroll labelled EKHYBO NOLAUSM.
  5395 | D:4      | 5395 ||| READING 3 scrolls of identify.
  5395 | D:4      | 5395 ||| IDENTIFYING viscous grey potion
  5396 | D:4      | 5396 ||| READING 2 scrolls of identify.
  5396 | D:4      | 5396 ||| IDENTIFYING bubbling red potion
  5406 | D:5      | Entered Level 5 of the Dungeon
  5406 | D:5      | Noticed Sigmund
  5416 | D:5      | Killed Sigmund
  5533 | D:5      | Identified the +11 great mace of Himenig {speed, +Blink}
  5780 | D:5      | Reached XP level 8. HP: 31/46 MP: 12/12
  5790 | D:5      | 5790 ||| FLEEEEING.
  5791 | D:5      | 5791 ||| FLEEEEING.
  5792 | D:5      | 5792 ||| FLEEEEING.
  5793 | D:5      | 5793 ||| FLEEEEING.
  5794 | D:5      | 5794 ||| FLEEEEING.
  5795 | D:5      | 5795 ||| FLEEEEING.
  5796 | D:5      | 5796 ||| FLEEEEING.
  5797 | D:5      | 5797 ||| FLEEEEING.
  5798 | D:5      | 5798 ||| FLEEEEING.
  5799 | D:5      | 5799 ||| STAIRDANCE
  5915 | D:4      | 5915 ||| READING 2 scrolls of identify.
  5915 | D:4      | 5915 ||| IDENTIFYING bubbling puce potion
  5916 | D:4      | 5916 ||| DROPPING potion of lignification.
  5993 | D:5      | Noticed Ijyb
  6007 | D:5      | Killed Ijyb
  6218 | D:5      | Reached skill level 9 in Axes
  6233 | D:5      | 6233 ||| DRINKING 3 potions of curing.
  6233 | D:5      | 6233 ||| (to cure confusion)
  6337 | D:5      | 6337 ||| Stepping ~*~*~tactically~*~*~ (stealth).
  6338 | D:5      | 6338 ||| Stepping ~*~*~tactically~*~*~ (stealth).
  6343 | D:5      | 6343 ||| Stepping ~*~*~tactically~*~*~ (stealth).
  6344 | D:5      | 6344 ||| Stepping ~*~*~tactically~*~*~ (stealth).
  6346 | D:5      | 6346 ||| Stepping ~*~*~tactically~*~*~ (hiding).
  6347 | D:5      | 6347 ||| Stepping ~*~*~tactically~*~*~ (hiding).
  6537 | D:5      | Found a staircase to the Ecumenical Temple.
  6538 | D:5      | 6538 ||| PLANNING TEMPLE
  6538 | D:5      | 6538 ||| UPGRADING to +0 chain mail.
  6548 | D:5      | 6548 ||| DROPPING +0 ring mail.
  6549 | D:5      | 6549 ||| DROPPING +0 leather armour of fire resistance.
  6550 | D:5      | 6550 ||| READING scroll labelled ZIFUAFF TEKK.
  6551 | D:5      | 6551 ||| READING scroll labelled SIEWEEMNUO.
  6552 | D:5      | 6552 ||| READING 2 scrolls of identify.
  6552 | D:5      | 6552 ||| IDENTIFYING grey potion
  6553 | D:5      | 6553 ||| DROPPING potion of flight.
  6565 | Temple   | Entered the Ecumenical Temple
  6597 | Temple   | Became a worshipper of Warmaster Okawaru
  6694 | Temple   | 6694 ||| PLANNING D:1-11
  6942 | D:5      | Found a runed translucent door.
  6943 | D:5      | Noticed Crazy Yiuf
  7065 | D:5      | Found a runed translucent gate.
  7065 | D:5      | Found a runed translucent gate.
  7065 | D:5      | Found a runed translucent gate.
  7065 | D:5      | Noticed qw's ghost (novice TeWr)
  7066 | D:5      | Noticed qw's ghost (amateur TeWr)
  7255 | D:5      | 7255 ||| READING scroll labelled ASELLY LAOKUFECH.
  7256 | D:5      | 7256 ||| READING 2 scrolls of identify.
  7256 | D:5      | 7256 ||| IDENTIFYING smoky emerald potion
  7282 | D:6      | 7282 ||| Stepping ~*~*~tactically~*~*~ (stealth).
  7284 | D:6      | 7284 ||| Stepping ~*~*~tactically~*~*~ (hiding).
  7297 | D:6      | Reached skill level 3 in Armour
  7297 | D:6      | 7297 ||| Stepping ~*~*~tactically~*~*~ (stealth).
  7360 | D:6      | 7360 ||| Stepping ~*~*~tactically~*~*~ (stealth).
  7441 | D:6      | 7441 ||| DROPPING +1 hand axe of venom.
  7478 | D:6      | Found a stormy altar of Qazlal.
  7704 | D:6      | Reached skill level 10 in Axes
  7706 | D:6      | 7706 ||| Stepping ~*~*~tactically~*~*~ (stealth).
  7707 | D:6      | 7707 ||| Stepping ~*~*~tactically~*~*~ (stealth).
  7714 | D:6      | 7714 ||| Stepping ~*~*~tactically~*~*~ (stealth).
  7935 | D:6      | 7935 ||| Stepping ~*~*~tactically~*~*~ (hiding).
  7940 | D:6      | Reached * piety under Okawaru
  7942 | D:6      | 7942 ||| INVOKING Heroism.
  7944 | D:6      | HP: 9/44 [wight/+2 great sword of freezing (6)]
  7945 | D:6      | 7945 ||| READING scroll of teleportation.
  7946 | D:6      | 7946 ||| DRINKING potion of heal wounds.
  7947 | D:6      | Slain by a wight

Levels and vault maps discovered:
D:1:      dpeg_arrival_shrine, layout_basic
D:2:      layout_loops_corners, hellmonk_ecumenical_altar_heavens_door,
          serial_shops, nicolae_lakefront_shop, minmay_cut_off
D:3:      layout_loops_cross
D:4:      layout_rooms, serial_shops, nicolae_shop_waterfront,
          serial_bayou_crossing, uniq_menkaure, uniq_blork_the_orc
D:5:      layout_basic, minmay_temple_entry_tees, gammafunk_ghost_cemetery,
          uniq_ijyb, uniq_crazy_yiuf_cottage, uniq_sigmund
D:6:      layout_basic, grunt_temple_overflow_forces_of_nature,
          grunt_dithmenos_shadows, st_stairs_9, chequers_serial_rivers_large_a,
          chequers_serial_rivers_room_a, uniq_pikel
Temple:   nicolae_temple_bog_church

Skill      XL: |  1  2  3  4  5  6  7  8 |
---------------+-------------------------+-----
Axes           | 3 4 5 6 7 8 10 | 10.0
Fighting       | 3 5 |  5.0
Dodging        | 4 |  4.0
Armour         | 3 |  3.2
Throwing       | |  1.0
Spellcasting   | |  2.0
Translocations | |  2.4

Action                   |  1- 3 |  4- 6 |  7- 9 || total
-------------------------+-------+-------+-------++-------
Melee: Hand axe          |    56 |   116 |    19 ||   191
       Peck              |     9 |    12 |    30 ||    51
       Kick              |    10 |    26 |    52 ||    88
       War axe           |       |       |   169 ||   169
       Punch             |       |       |     3 ||     3
Throw: Boomerang         |     7 |     7 |    26 ||    40
Invok: Heroism           |       |       |     1 ||     1
  Use: Scroll            |     2 |     7 |    12 ||    21
       Potion            |       |       |     2 ||     2
Armor: Leather armour    |    16 |    15 |       ||    31
       Ring mail         |       |    18 |    11 ||    29
       Chain mail        |       |       |    38 ||    38
Dodge: Dodged            |    23 |    88 |    97 ||   208

Table legend:
 A = Non-vault XP
 B = Vault XP
 C = Vault XP percentage of total XP
 D = Non-vault monster count
 E = Vault monster count
 F = Vault count percentage of total count
                 A         B        C        D         E       F
            +---------+---------+-------+---------+---------+-------
      Total |    1597 |     670 |  29.6 |     111 |      11 |   9.0
            +---------+---------+-------+---------+---------+-------
        D:1 |      50 |       0 |   0.0 |      20 |       0 |   0.0
        D:2 |      96 |       6 |   5.9 |      22 |       4 |  15.4
        D:3 |      87 |       0 |   0.0 |      18 |       0 |   0.0
        D:4 |     332 |     259 |  43.8 |      17 |       2 |  10.5
        D:5 |     535 |     247 |  31.6 |      20 |       2 |   9.1
        D:6 |     497 |     158 |  24.1 |      14 |       3 |  17.6
            +---------+---------+-------+---------+---------+-------
